 Dungeon Crawl Stone Soup version 0.19-a0-347-g6bb00b2 (webtiles) character file.

210 Charly the Insei (level 5, -5/27 HPs)
             Began as a Vine Stalker Monk on May 29, 2016.
             Shot with a sling bullet by Joseph (6 damage)
             ... on level 7 of the Dungeon.
             The game lasted 00:07:52 (521 turns).

Charly the Insei (Vine Stalker Monk)                 Turns: 521, Time: 00:07:53

Health: -5/27      AC:  5    Str: 13    XL:     5   Next: 88%
Magic:  0/6        EV: 13    Int: 10    God:
Gold:   63         SH:  0    Dex: 18    Spells: 0 memorised, 4 levels left

rFire  . . .     SeeInvis .       - Unarmed
rCold  . . .     Gourm    .     a - +0 robe
rNeg   . . .     Faith    .     (no shield)
rPois  .         Spirit   +     (no helmet)
rElec  .         Dismiss  .     (no cloak)
rCorr  .         Reflect  .     f - +2 pair of gloves
SustAt .         Harm     .     (no boots)
MR     .....                    (no amulet)
Stlth  ++........               (no ring)
                                (no ring)

@: lethally poisoned (-5 -> -5), not resistant to hostile enchantments,
unstealthy
A: fangs 2, regeneration 1, magic shield, antimagic bite, no device heal 3, rot
immunity
a: no special abilities


You were on level 7 of the Dungeon.
You were not hungry.

You visited 1 branch of the dungeon, and saw 7 of its levels.

You collected 63 gold pieces.

Inventory:

Missiles
 e - 14 poisoned needles
Armour
 a - a +0 robe (worn)
 f - a +2 pair of gloves (worn)
Wands
 h - a wand of slowing (34/48)
Scrolls
 d - a scroll of teleportation {unknown}
Potions
 c - 2 potions of curing
Comestibles
 b - 2 bread rations


   Skills:
 - Level 2.6 Fighting
 - Level 2.4 Dodging
 - Level 2.4 Stealth
 + Level 6.9 Unarmed Combat


You had 4 spell levels left.
You didn't know any spells.

Dungeon Overview and Level Annotations

Branches:
Dungeon (7/15)
 Temple: D:4-7

Altars:
Kikubaaqudgha
Okawaru
Ru
Sif Muna
Vehumet

Annotations:
D:7 Joseph


Innate Abilities, Weirdness & Mutations

You have extremely sharp teeth.
Your natural rate of healing is unusually fast.
When hurt, damage is shared between your health and your magic reserves.
Your bite disrupts and absorbs the magic of your enemies.
Potions and wands cannot restore your health.
You are immune to rotting.


Message History

The adder completely misses you.
You hit the adder. Your bite misses the adder.
The adder is severely wounded.
The adder barely misses you.
You closely miss the adder.
The adder is severely wounded.
You feel sick. The adder closely misses you. x2
You hit the adder.
You kill the adder!
You feel sick.
You see here an adder corpse.
You feel sick.
Joseph shouts!
Joseph says, "Now you've reached the end of your journey."
Joseph unwields an uncursed enchanted quarterstaff.
Joseph wields a runed hunting sling.
It is covered in frost.
Joseph shoots a sling bullet.
The sling bullet hits you!
* * * LOW HITPOINT WARNING * * *
The sling bullet freezes you.
You die...

#.......
#......##########
#....?.........#.
#......# ###..#.
#####.....@##
#......
#...........#
#.#.... #.#
###.###.###.#####
#†###......<....#
#(..@.#.#########
##....#........
#....#########
#....# #....#
#....# #....#
#....# #....#


You could see Joseph.

Vanquished Creatures
  An ice beast (D:6)
  2 crimson imps (D:6)
  5 adders
  2 quokkas
  2 giant newts (D:1)
  A rat (D:1)
13 creatures vanquished.

Vanquished Creatures (others)
  A goblin (D:1)
1 creature vanquished.

Grand Total: 14 creatures vanquished

Notes
Turn   | Place    | Note
--------------------------------------------------------------
     0 | D:1      | Charly the Vine Stalker Monk began the quest for the Orb.
     0 | D:1      | Reached XP level 1. HP: 11/11 MP: 2/2
   100 | D:4      | Noticed an orc priest
   115 | D:4      | Found a sacrificial altar of Ru.
   128 | D:5      | Entered Level 5 of the Dungeon
   135 | D:5      | Reached XP level 2. HP: 13/16 MP: 3/3
   150 | D:4      | Found a deep blue altar of Sif Muna.
   150 | D:4      | Found an iron altar of Okawaru.
   292 | D:5      | Noticed a crimson imp
   295 | D:6      | Found an ancient bone altar of Kikubaaqudgha.
   311 | D:6      | Found a radiant altar of Vehumet.
   312 | D:6      | Noticed an ice beast
   313 | D:6      | Noticed a crimson imp
   323 | D:6      | Noticed a crimson imp
   334 | D:7      | Noticed a yak
   334 | D:7      | Noticed a yak
   334 | D:7      | Noticed a yak
   336 | D:7      | Noticed a yak
   336 | D:7      | Noticed a yak
   378 | D:6      | Killed an ice beast
   378 | D:6      | Reached skill level 6 in Unarmed Combat
   378 | D:6      | Reached XP level 3. HP: 16/19 MP: 2/4
   378 | D:6      | Reached XP level 4. HP: 19/23 MP: 2/5
   384 | D:6      | Reached XP level 5. HP: 24/27 MP: 2/6
   469 | D:7      | Noticed Joseph
   521 | D:7      | HP: 1/27 [Joseph/sling bullet (9)]
   521 | D:7      | Shot with a sling bullet by Joseph

Vault maps used:
D:1:      dpeg_arrival_three_same_balls, solitary_fountain, monster_avoids_cloud
D:2:      first_bread
D:4:      nicolae_ru_awakened_eye, nicolae_overflow_hidden_temple, serial_shops,
          shop, uniq_robin, uniq_natasha, uniq_blork_the_orc, uniq_sigmund,
          uniq_duvessa
D:5:      elyvilon_altar_1
D:6:      grunt_temple_overflow_open, kiku_gazebo_garden_becter,
          vehumet_crystals, minmay_temple_entry_fiery, basic_altar,
          portal_sewer_entry_d
D:7:      nemelex_altar_shiori, minmay_misc_feat_tiny, grunt_decor_resistance,
          the_bakery, uniq_menkaure, uniq_joseph, uniq_pikel

Skill      XL: |  1  2 |
---------------+-------+-----
Unarmed Combat | 6 |  6.9
Fighting       | |  2.6
Dodging        | |  2.4
Stealth        | |  2.4

Action                   |  1- 3 |  4- 6 || total
-------------------------+-------+-------++-------
Melee: Unarmed           |    27 |    30 ||    57
       Bite              |     6 |     5 ||    11
       Punch             |     1 |     1 ||     2
  Use: Scroll            |     3 |       ||     3
       Potion            |     1 |       ||     1
 Stab: Sleeping          |     2 |       ||     2
  Eat: Fruit             |     1 |       ||     1
Armor: Robe              |     8 |     6 ||    14
       Skin              |     3 |     2 ||     5
Dodge: Dodged            |    12 |    21 ||    33
